 Dungeon Crawl Stone Soup version 0.32-a0-876-gcfddb08e57 (webtiles) character file.

Game seed: 13444689915062744287

284 TacoSundae the Magician (level 6, 53/53 HPs)
             Began as an Oni Air Elementalist on Apr 1, 2024.
             Quit the game on level 5 of the Dungeon.
             The game lasted 00:15:13 (3415 turns).

TacoSundae the Magician (Oni Air Elementalist)      Turns: 3415, Time: 00:15:13

Health: 53/53      AC:  4    Str: 17    XL:     6   Next: 29%
Magic:  12/12      EV:  8    Int: 17    God:
Gold:   206        SH:  0    Dex:  8    Spells: 10/13 levels left

rFire   . . .        (no weapon)
rCold   . . .        (no shield)
rNeg    . . .        a - +1 robe
rPois   .            (helmet restricted)
rElec   .            (no cloak)
rCorr   .            (gloves unavailable)
SInv    .            (boots unavailable)
Will    .....        (no amulet)
Stlth   +            j - ring of wizardry
HPRegen 0.28/turn    (no ring)
MPRegen 0.13/turn

%: wizardry (x1)
@: no status effects
A: large, unfitting armour, horns 1, tough skin 1, double potion healing,
drunken brawling, mutation resistance 1, strong 1
a: no special abilities


You were on level 5 of the Dungeon.
You visited 1 branch of the dungeon, and saw 5 of its levels.

You collected 206 gold pieces.

Inventory:

Armour
 a - a +1 robe (worn)
Jewellery
 j - a ring of wizardry (left hand)
Wands
 c - a wand of roots (13)
Scrolls
 d - 2 scrolls of identify
 i - 2 scrolls of poison
Potions
 b - a potion of magic
 e - a potion of heal wounds
 f - a potion of curing
 g - 2 potions of haste
 h - a potion of berserk rage


   Skills:
 - Level 1.9 Dodging
 - Level 1.5 Stealth
 + Level 4.1 Spellcasting
 * Level 3.8 Conjurations
 + Level 3.8 Air Magic


You had 10 spell levels left.
You knew the following spells:

 Your Spells              Type           Power      Damage    Failure   Level
a - Shock                 Conj/Air       64%        1d7       1%          1
b - Static Discharge      Conj/Air       32%        3-5/arc   1%          2

Your spell library contained the following spells:

 Spells                   Type           Power      Damage    Failure   Level
 Foxfire                  Conj/Fire      36%        2x1d5     2%          1
 Swiftness                Air            16%        N/A       4%          3
 Stone Arrow              Conj/Erth      18%        3d8       9%          3
 Airstrike                Air            8%         2d(2-18)  13%         4
 Frozen Ramparts          Ice            6%         1d1       19%         3
 Ozocubu's Armour         Ice            3%         N/A       19%         3
 Animate Armour           Summ/Erth      6%         N/A       50%         4
 Metabolic Englaciation   Hex/Ice        1%         N/A       83%         5
 Plasma Beam              Fire/Air       5%         2x1d15    98%         6
 Starburst                Conj/Fire      4%         6d4       98%         6
 Lehudib's Crystal Spear  Conj/Erth      4%         10d3      100%        8


Dungeon Overview and Level Annotations

Branches:
Dungeon (5/15)
 Temple: D:4-7

Altars:

Shops:
D:1 :


Innate Abilities, Weirdness & Mutations

You are too large for most types of armour.
You have a pair of small horns on your head.
You have tough skin. (AC +1)
You gain doubled healing and magic from potions.
Whenever you drink a healing potion, you attack all around you.
You are somewhat resistant to further mutation.
Your muscles are strong. (Str +4, Int/Dex -1)


Message History

Your magical contamination has completely faded away.
You see here a +0 club.
Found a stone staircase leading down.
Found an escape hatch in the floor.
g - 2 potions of haste (gained 1)
There is a stone staircase leading down here.
You see here a +0 club.
You open the door.
There is an open door here.
There is an open door here.
There is an open door here.
A hobgoblin comes into view.
The hobgoblin moves out of view.
The hobgoblin shouts!
Casting: Shock (safe; 3% risk of failure)
Confirm with . or Enter, or press ? or * to list all spells.
Aiming: Shock (safe; 3% risk of failure)
Press: ? - help, Shift-Dir - straight line, f - hobgoblin
Aim: a hobgoblin (71% to hit)
The zap hits the hobgoblin.
The hobgoblin is almost dead.
Casting: Shock (safe; 3% risk of failure)
Confirm with . or Enter, or press ? or * to list all spells.
Aiming: Shock (safe; 3% risk of failure)
Press: ? - help, Shift-Dir - straight line, f/p - hobgoblin
Aim: a hobgoblin (almost dead, 71% to hit)
The zap hits the hobgoblin!
You kill the hobgoblin!
You now have 206 gold pieces (gained 15).
You see here a hobgoblin corpse.
Done exploring.
Done exploring.
There is a stone staircase leading down here.
You climb downwards.
Found a notched ruby ring.
There is a stone staircase leading up here.
j - a ring of wizardry
j - a ring of wizardry (left hand)
Okay, then.
Are you sure you want to abandon this character and quit the game? (Confirm with "yes".)

### ..# #.#
########.####
.......@....#
########<##.#
#.# #.# ...
#.. ##.. #.
..


There were no monsters in sight!

Vanquished Creatures
  A black bear (D:4)
  An orc priest (D:4)
  A hound (D:4)
  An orc wizard (D:2)
  4 adders
  A dart slug (D:1)
  2 ribbon worms
  6 orcs
  3 bats
  2 endoplasms
  4 giant cockroaches
  11 goblins
  7 hobgoblins
  9 kobolds
  2 quokkas
  4 ball pythons (D:2)
  3 frilled lizards
  2 rats
64 creatures vanquished.

Notes
Turn   | Place    | Note
-------+----------+-------------------------------------------
     0 | D:1      | TacoSundae the Oni Air Elementalist began the quest for the
                  | Orb.
     0 | D:1      | Reached XP level 1. HP: 16/16 MP: 3/3
    87 | D:1      | Reached skill level 1 in Conjurations
   147 | D:1      | Reached XP level 2. HP: 24/24 MP: 1/5
   440 | D:1      | Learned a level 2 spell: Static Discharge
   494 | D:1      | Found Sustah's Book Boutique.
   902 | D:2      | Reached XP level 3. HP: 31/31 MP: 4/7
  1117 | D:2      | Reached skill level 3 in Spellcasting
  1389 | D:2      | Found a faded altar of an unknown god.
  1454 | D:2      | Reached XP level 4. HP: 27/39 MP: 0/8
  1933 | D:3      | Gained mutation: You are weak. (Str -2) [potion of
                  | mutation]
  1933 | D:3      | Gained mutation: You are agile. (Dex +4, Str/Int -1)
                  | [potion of mutation]
  1933 | D:3      | Gained mutation: You are partially covered in iridescent
                  | scales. (AC +2) [potion of mutation]
  1934 | D:3      | Lost mutation: You are weak. (Str -2) [potion of mutation]
  1934 | D:3      | Lost mutation: You are agile. (Dex +4, Str/Int -1) [potion
                  | of mutation]
  1934 | D:3      | Lost mutation: You are partially covered in iridescent
                  | scales. (AC +2) [potion of mutation]
  1934 | D:3      | Gained mutation: You are somewhat resistant to further
                  | mutation. [potion of mutation]
  1934 | D:3      | Gained mutation: Your muscles are strong. (Str +4, Int/Dex
                  | -1) [potion of mutation]
  2552 | D:4      | Reached XP level 5. HP: 36/45 MP: 5/10
  2664 | D:4      | Noticed a black bear
  2683 | D:4      | Killed a black bear
  2684 | D:4      | Reached XP level 6. HP: 49/53 MP: 3/11
  2798 | D:4      | Reached skill level 4 in Spellcasting
  3411 | D:5      | Entered Level 5 of the Dungeon
  3415 | D:5      | Quit the game

Illustrated notes

Levels and vault maps discovered:
D:1:      mainiacjoe_arrival_oval_in_oval, layout_basic, serial_shops,
          nicolae_shop_real_fake_doors
D:2:      layout_loops_cross, basic_ecumenical_altar
D:3:      layout_rooms
D:4:      layout_basic
D:5:      layout_loops_ring, gammafunk_temple_overflow_statue,
          nzn_wu_jian_contemplation

Skill      XL: |  1  2  3  4  5  6 |
---------------+-------------------+-----
Conjurations   | 1 2 3 |  3.8
Air Magic      | 3 |  3.8
Spellcasting   | 3 4 |  4.1
Dodging        | |  1.9
Stealth        | |  1.5

Action                     |  1- 3 |  4- 6 || total
---------------------------+-------+-------++-------
  Melee: Unarmed           |    55 |    15 ||    70
         Punch             |     1 |       ||     1
         Headbutt          |     2 |     2 ||     4
   Cast: Shock             |    55 |    54 ||   109
         Static Discharge  |       |     8 ||     8
    Use: Scroll            |       |     8 ||     8
         Potion            |       |     2 ||     2
   Stab: Sleeping          |       |     1 ||     1
 Armour: Robe              |    51 |    27 ||    78
  Dodge: Dodged            |    34 |    19 ||    53

Table legend: (Time is in decaauts)
 A = Elapsed time spent in this place.
 B = Non-inter-level travel time spent in this place.
 C = Inter-level travel time spent in this place.
 D = Time resting spent in this place.
 E = Time spent auto-exploring this place.
 F = Levels seen in this place.
 G = Mean time per level.
                   A        B        C        D        E       F      G
               +--------+--------+--------+--------+--------+-----+--------+
         Total |   3413 |   3338 |     75 |    125 |   2485 |   5 |  682.6 |
       Dungeon |   3413 |   3338 |     75 |    125 |   2485 |   5 |  682.6 |
               +--------+--------+--------+--------+--------+-----+--------+

Top non-repeatable levels by time:
     D:2: 1072 daAuts
     D:4: 885 daAuts
     D:1: 847 daAuts
     D:3: 604 daAuts
     D:5: 3 daAuts
